 Dungeon Crawl Stone Soup version 0.28.0-45-g0d030f2227 (webtiles) character file.

Game seed: 3330940040684729785

67695 DoubleLucky the Fighter (level 14, -4/130 HPs)
             Began as a Pale Draconian Conjurer on Apr 10, 2022.
             Was an Elder of Vehumet.
             Slain by a white ugly thing (30 damage)
             ... in an ice cave.
             The game lasted 02:00:32 (24753 turns).

DoubleLucky the Fighter (Pale Draconian Conjurer)  Turns: 24753, Time: 02:00:32

Health: -4/130     AC: 21    Str: 11    XL:     14   Next: 83%
Magic:  31/39      EV: 14    Int: 22    God:    Vehumet [****..]
Gold:   836        SH:  6    Dex: 10    Spells: 10/37 levels left

rFire   . . .      SeeInvis .   U - +2 rapier (speed)
rCold   . . .      Faith    .   B - +0 buckler
rNeg    . . .      Spirit   .   (armour unavailable)
rPois   .          Reflect  .   O - +2 hat
rElec   .          Harm     .   y - +1 cloak
rCorr   .          Rampage  .   c - +1 pair of gloves
Will    +....                   x - +2 pair of boots
Stlth   ++........              i - amulet of the acrobat
HPRegen 0.31/turn               d - +4 ring of protection
MPRegen 0.26/turn               f - ring of magical power

@: hasted, studying Hexes, very quick
A: breathe steam, AC +8, unfitting armour, cold-blooded, steam resistance
a: Breathe Steam, Renounce Religion


You were in an ice cave.
You worshipped Vehumet.
Vehumet was greatly pleased with you.
You visited 4 branches of the dungeon, and saw 19 of its levels.
You also visited: Sewer and Ice Cave.

You collected 1836 gold pieces.
You spent 1000 gold pieces at shops.

Inventory:

Hand Weapons
 U - a +2 rapier of speed (weapon)
Missiles
 G - 4 throwing nets
Armour
 c - a +1 pair of gloves (worn)
 x - a +2 pair of boots (worn)
 y - a +1 cloak (worn)
 B - a +0 buckler (worn)
 O - a +2 hat (worn)
Jewellery
 d - a +4 ring of protection (left hand)
 f - a ring of magical power (right hand)
 i - an amulet of the acrobat (around neck)
Wands
 a - a wand of digging (5)
 h - a wand of mindburst (2)
 q - a wand of charming (10)
 I - a wand of polymorph (17)
 J - a wand of acid (9)
 P - a wand of flame (24)
 Q - a wand of paralysis (6)
Scrolls
 k - 3 scrolls of blinking
 m - 14 scrolls of teleportation
 n - a scroll of amnesia
 o - a scroll of holy word
 p - 2 scrolls of enchant weapon
 t - a scroll of fog
 w - 7 scrolls of immolation
 z - a scroll of acquirement {unknown}
 F - a scroll of fear
 K - 2 scrolls of silence
 T - 2 scrolls of brand weapon
 V - a scroll of vulnerability {unknown}
Potions
 b - 2 potions of berserk rage
 e - 2 potions of might
 j - 2 potions of haste
 l - a potion of attraction
 r - 3 potions of curing
 s - 5 potions of flight
 u - 2 potions of invisibility
 v - 2 potions of ambrosia
 E - 2 potions of brilliance
 M - 2 potions of resistance


   Skills:
 + Level 13.8 Fighting
 - Level 6.0 Short Blades
 - Level 8.0 Dodging
 - Level 1.7 Stealth
 - Level 10.0 Shields
 - Level 12.0 Spellcasting
 - Level 10.0 Conjurations
 - Level 5.0 Hexes


You had 10 spell levels left.
You knew the following spells:

 Your Spells              Type           Power      Damage    Failure   Level
a - Magic Dart            Conj           100%       1d8       1%          1
b - Searing Ray           Conj           100%       2d8       1%          2
c - Fulminant Prism       Conj/Hex       23%        3d13      1%          4
d - Dazzling Flash        Conj/Hex       92%        N/A       1%          3
e - Iskenderun's Mystic   Conj/Tloc      35%        2d8       2%          4
f - Poisonous Vapours     Pois/Air       26%        N/A       2%          2
g - Hailstorm             Conj/Ice       35%        3d9       2%          4
h - Ozocubu's Refrigerat  Ice            6%         4d6       100%        7

Your spell library contained the following spells:

 Spells                   Type           Power      Damage    Failure   Level
 Foxfire                  Conj/Fire      100%       2x1d9     1%          1
 Conjure Flame            Conj/Fire      35%        6-21      1%          3
 Inner Flame              Hex/Fire       24%        N/A       1%          3
 Scorch                   Fire           26%        2d6       2%          2
 Flame Wave               Conj/Fire      35%        2d8       2%          4
 Irradiate                Conj/Tmut      17%        3d19      5%          5
 Apportation              Tloc           26%        N/A       6%          1
 Sublimation of Blood     Necr           13%        N/A       9%          2
 Iron Shot                Conj/Erth      17%        9d4       28%         6
 Petrify                  Tmut/Erth      13%        N/A       50%         4
 Alistair's Intoxication  Tmut/Pois      8%         N/A       85%         5
 Blade Hands              Tmut           6%         N/A       85%         5
 Summon Cactus Giant      Summ           6%         N/A       100%        6
 Animate Armour           Summ/Erth      Unusable   N/A       N/A         4

Dungeon Overview and Level Annotations

Branches:
Dungeon (12/15)            Temple (1/1) D:6            Lair (5/6) D:11
 Shoals (0/4) Lair:3       Spider (0/4) Lair:4        Slime (0/5) Lair:5
    Orc (1/2) D:11          Sewer (visited)           IceCv (1/1)

Altars:
Ashenzari
Cheibriados
Dithmenos
Elyvilon
Fedhas
Gozag
Hepliaklqana
Kikubaaqudgha
Makhleb
Nemelex Xobeh
Okawaru
Qazlal
Ru
Sif Muna
Trog
Uskayaw
Vehumet
Wu Jian
Xom
Yredelemnul
Zin
The Shining One
Beogh

Shops:
D:8 [   D:11 *

Annotations:
D:12 1 exclusion
Lair:1 2 transporters


Innate Abilities, Weirdness & Mutations

You can breathe blasts of scalding, opaque steam.
Your pale cyan-grey scales are hard. (AC +8)
You cannot fit into any form of body armour.
You are cold-blooded and may be slowed by cold attacks.
You are immune to the effects of steam.


Message History

You block the white ugly thing's attack.
The searing ray hits the white ugly thing.
The white ugly thing is heavily wounded.
The white ugly thing completely misses you.
The searing ray hits the white ugly thing.
The white ugly thing is severely wounded.
The white ugly thing bites you but does no damage.
The searing ray hits the white ugly thing.
The white ugly thing is severely wounded.
You finish channelling your searing ray.
The white ugly thing bites you! The white ugly thing freezes you!
You feel yourself slow down.
You feel much better. The white ugly thing bites you.
The white ugly thing freezes you!
The white ugly thing bites you but does no damage.
Magic courses through your body.
You feel yourself speed up. The white ugly thing bites you.
The white ugly thing freezes you!!
You feel yourself slow down.
Casting: Searing Ray (safe; 1% risk of failure)
Confirm with . or Enter, or press ? or * to list all spells.
Aiming: Searing Ray (safe; 1% risk of failure)
Press: ? - help, Shift-Dir - straight line, f/p - white ugly thing
Aim: a white ugly thing (severely wounded, 83% to hit)
The searing ray hits the white ugly thing.
The white ugly thing is severely wounded. (Press . to maintain the ray.)
You block the white ugly thing's attack.
The white ugly thing bites you! The white ugly thing freezes you!!
You feel as though you will be slow longer.
* * * LOW HITPOINT WARNING * * *
The searing ray hits the white ugly thing.
The white ugly thing is severely wounded.
The white ugly thing bites you but does no damage.
You feel yourself speed up.
You feel yourself speed up. The white ugly thing bites you.
* * * LOW HITPOINT WARNING * * *
The white ugly thing freezes you!!
You die...

#####
#####...##
##∩.......#
#......#..#
#.@u.###..#
#∩#.## ..##
##### .Y#
h.## .# Y#


You could see a white ugly thing.

Vanquished Creatures
  Gastronok (Lair:1)
  An orc warlord (D:11)
  A catoblepas (Lair:4)
  6 hydras
  Harold (D:11)
  A boulder beetle (Lair:1)
  2 two-headed ogres (D:11)
  A deep elf knight (Orc:1)
  Pikel (D:7)
  A deep elf pyromancer (D:10)
  A lindwurm (Lair:3)
  2 orc sorcerers (Orc:1)
  A manticore (D:11)
  3 deep elf zephyrmancers (Orc:1)
  A cyclops (D:12)
  4 elephants (Lair:3)
  10 cane toads
  A kobold demonologist (D:9)
  8 komodo dragons
  2 ice devils (D:12)
  3 polar bears
  2 trolls
  5 blink frogs (Lair:3)
  A shadow (D:10)
  A vampire (D:9)
  A wraith (D:11)
  5 wyverns
  35 yaks
  10 vampire mosquitoes
  6 basilisks
  A steam dragon (D:8)
  Grum (D:8)
  2 wargs (Orc:1)
  An acid dragon (D:8)
  15 water moccasins
  9 orc warriors
  2 black bears
  5 ice beasts
  4 sky beasts
  10 wolves
  2 ogres
  7 centaurs
  A kobold brigand (D:6)
  10 bullfrogs
  A water moccasin skeleton (D:4)
  4 wights (D:9)
  5 electric eels
  5 howler monkeys
  3 bullfrog zombies
  17 centaur zombies
  2 jellies (Lair:5)
  2 hounds
  Crazy Yiuf (D:5)
  A centaur skeleton (D:5)
  2 gnoll shamans
  7 orc priests
  2 bullfrog skeletons
  2 iguanas
  14 orc wizards
  A hound skeleton (D:4)
  2 howler monkey zombies
  2 howler monkey skeletons (D:7)
  12 gnolls
  10 adders
  A shadow imp (D:6)
  3 white imps (D:6)
  3 ufetubi
  3 adder skeletons (D:4)
  3 worms
  27 orcs
  13 endoplasms
  7 giant cockroaches
  8 goblins
  7 hobgoblins
  6 jackals
  15 kobolds
  A quokka (D:3)
  3 ball pythons
  10 bats
  3 frilled lizards
  6 rats
  3 fulminant prisms
405 creatures vanquished.

Vanquished Creatures (others)
  75 fulminant prisms
  30 fungi
  32 plants
137 creatures vanquished.

Grand Total: 542 creatures vanquished

Notes
Turn   | Place    | Note
-------+----------+-------------------------------------------
     0 | D:1      | DoubleLucky the Draconian Conjurer began the quest for the
                  | Orb.
     0 | D:1      | Reached XP level 1. HP: 14/14 MP: 3/3
   454 | D:1      | Found a faded altar of an unknown god.
   590 | D:1      | Reached XP level 2. HP: 15/18 MP: 1/5
  1543 | D:1      | Learned a level 2 spell: Searing Ray
  1603 | D:2      | Reached XP level 3. HP: 26/26 MP: 7/7
  2690 | D:3      | Reached XP level 4. HP: 34/34 MP: 8/8
  2899 | D:3      | Reached skill level 1 in Fighting
  3036 | D:3      | Reached XP level 5. HP: 16/40 MP: 9/9
  3733 | D:4      | Reached skill level 5 in Conjurations
  3952 | D:4      | Reached skill level 2 in Fighting
  4634 | D:4      | Reached XP level 6. HP: 50/50 MP: 11/11
  4634 | D:4      | Noticed a water moccasin
  4641 | D:4      | Reached skill level 3 in Fighting
  4643 | D:4      | Killed a water moccasin
  4644 | D:4      | Reached skill level 1 in Hexes
  4810 | D:4      | Reached skill level 4 in Fighting
  5191 | D:5      | Entered Level 5 of the Dungeon
  5195 | D:5      | Found a glowing drain.
  5198 | D:5      | Noticed a sky beast
  5206 | D:5      | Killed a sky beast
  5207 | D:5      | Your scales start taking on a pale cyan-grey colour.
  5207 | D:5      | Reached XP level 7. HP: 49/60 MP: 12/13
  5207 | D:5      | Gained mutation: You are immune to the effects of steam.
                  | [Pale Draconian growth]
  5292 | Sewer    | Entered a sewer
  5393 | Sewer    | Reached skill level 5 in Fighting
  5519 | D:5      | Noticed a wyvern
  5523 | D:5      | Killed a wyvern
  5703 | D:5      | Reached skill level 6 in Fighting
  5703 | D:5      | Reached XP level 8. HP: 70/70 MP: 15/15
  5952 | D:5      | Found a runed translucent door.
  5953 | D:5      | Noticed Crazy Yiuf
  5958 | D:5      | Killed Crazy Yiuf
  6132 | D:6      | Reached skill level 5 in Spellcasting
  6543 | D:6      | Identified the +2 robe of the Ward {Rampage Drain rN+
                  | Slay+3}
  6579 | D:6      | Found a staircase to the Ecumenical Temple.
  6604 | Temple   | Entered the Ecumenical Temple
  6915 | Temple   | Became a worshipper of Vehumet
  7227 | D:7      | Reached skill level 1 in Shields
  7415 | D:7      | Found an ancient bone altar of Kikubaaqudgha.
  7740 | D:7      | Reached skill level 1 in Short Blades
  7740 | D:7      | Reached XP level 9. HP: 73/75 MP: 11/17
  8044 | D:7      | Noticed Pikel
  8050 | D:7      | Killed Pikel
  8341 | D:7      | Reached * piety under Vehumet
  8341 | D:7      | Offered knowledge of Freeze by Vehumet.
  8342 | D:7      | Reached skill level 5 in Hexes
  8718 | D:8      | Reached skill level 5 in Shields
  9338 | D:8      | Found Sikeyb's Armour Boutique.
  9343 | D:8      | Bought a +0 pair of gloves for 54 gold pieces
  9504 | D:8      | Noticed Grum
  9516 | D:8      | Killed Grum
  9520 | D:8      | Reached skill level 5 in Short Blades
  9762 | D:9      | Reached XP level 10. HP: 83/83 MP: 18/18
  9810 | D:9      | Learned a level 4 spell: Fulminant Prism
  9879 | D:9      | Found a sacrificial altar of Ru.
  9923 | D:9      | Noticed a rust devil
 10056 | D:9      | Reached ** piety under Vehumet
 10072 | D:9      | Offered knowledge of Sandblast by Vehumet.
 10203 | D:9      | Found Dozeceuf's Distillery.
 10218 | D:9      | Bought a potion of resistance for 110 gold pieces
 10218 | D:9      | Bought a potion of haste for 110 gold pieces
 10218 | D:9      | Bought a potion of curing for 33 gold pieces
 10218 | D:9      | Bought a potion of invisibility for 88 gold pieces
 10218 | D:9      | Bought a potion of magic for 88 gold pieces
 10218 | D:9      | Bought a potion of cancellation for 88 gold pieces
 10218 | D:9      | Bought a potion of lignification for 33 gold pieces
 10851 | D:9      | Found a hazy altar of Hepliaklqana.
 11066 | D:10     | Entered Level 10 of the Dungeon
 11441 | D:10     | Found a burning altar of Makhleb.
 11603 | D:10     | Noticed a deep elf pyromancer
 11614 | D:10     | Killed a deep elf pyromancer
 12470 | D:11     | Noticed a two-headed ogre
 12474 | D:11     | Reached XP level 11. HP: 76/89 MP: 17/21
 12477 | D:11     | Killed a two-headed ogre
 12603 | D:11     | Reached skill level 10 in Conjurations
 12625 | D:11     | Found a basalt altar of Yredelemnul.
 12650 | D:11     | Reached skill level 7 in Fighting
 12791 | D:11     | Offered knowledge of Poisonous Vapours by Vehumet.
 12796 | D:11     | Learned a level 2 spell: Poisonous Vapours
 12902 | D:11     | Reached skill level 8 in Fighting
 13079 | D:11     | Found a staircase to the Lair.
 13118 | D:11     | Noticed a two-headed ogre
 13123 | D:11     | Killed a two-headed ogre
 13124 | D:11     | Reached skill level 9 in Fighting
 13148 | D:11     | Found a staircase to the Orcish Mines.
 13181 | D:11     | Noticed an eight-headed hydra
 13188 | D:11     | Killed an eight-headed hydra
 13335 | D:11     | Reached skill level 10 in Fighting
 13492 | D:11     | Found Poeklaq's Assorted Antiques.
 13501 | D:11     | Bought a scroll labelled VIYXTE IBLAF for 24 gold pieces
 13501 | D:11     | Bought a scroll of fog for 48 gold pieces
 13501 | D:11     | Bought a scroll of blinking for 180 gold pieces
 13501 | D:11     | Bought a potion of curing for 72 gold pieces
 13501 | D:11     | Bought a scroll of teleportation for 72 gold pieces
 13923 | Lair:1   | Entered Level 1 of the Lair of Beasts
 13927 | Lair:1   | Reached *** piety under Vehumet
 13931 | Lair:1   | Noticed Harold
 13943 | Lair:1   | Noticed Gastronok
 14043 | D:11     | Reached XP level 12. HP: 41/106 MP: 6/25
 14300 | D:11     | Killed Harold
 14443 | Lair:1   | HP: 5/106 [Gastronok/the air (24)]
 14466 | Lair:1   | Reached skill level 10 in Spellcasting
 14480 | Lair:1   | HP: 4/106 [Gastronok/the air (14)]
 14839 | Lair:1   | Killed Gastronok
 14949 | Lair:1   | Offered knowledge of Stone Arrow by Vehumet.
 15031 | Lair:1   | Reached skill level 11 in Fighting
 15194 | Lair:1   | Noticed a seven-headed hydra
 15206 | Lair:1   | Killed a seven-headed hydra
 15333 | Lair:1   | Found a transporter.
 15364 | Lair:1   | Found a transporter.
 15745 | Lair:1   | Learned a level 4 spell: Iskenderun's Mystic Blast
 15749 | Lair:1   | Learned a level 3 spell: Dazzling Flash
 15784 | Lair:2   | Reached skill level 12 in Fighting
 15799 | Lair:2   | Noticed a four-headed hydra
 15803 | Lair:2   | Killed a four-headed hydra
 15951 | Lair:2   | Reached skill level 5 in Dodging
 16056 | Lair:2   | Noticed a boulder beetle
 16589 | Lair:1   | Killed a boulder beetle
 17213 | Lair:3   | Found a staircase to the Shoals.
 17299 | Lair:3   | Reached **** piety under Vehumet
 17314 | Lair:3   | Offered knowledge of Hailstorm by Vehumet.
 17320 | Lair:3   | Learned a level 4 spell: Hailstorm
 18094 | Lair:3   | Reached XP level 13. HP: 90/118 MP: 19/27
 18962 | Lair:4   | Found a hole to the Spider Nest.
 20048 | Lair:4   | Identified the +3 lajatang of Dissent {freeze, rElec}
 20739 | Lair:5   | Reached skill level 10 in Shields
 20774 | Lair:5   | Found a staircase to the Slime Pits.
 20816 | Lair:5   | Reached ***** piety under Vehumet
 20843 | Lair:5   | Offered knowledge of Ozocubu's Refrigeration by Vehumet.
 21492 | Orc:1    | Entered Level 1 of the Orcish Mines
 21498 | Orc:1    | Noticed an orc warlord
 21545 | D:11     | Killed an orc warlord
 22030 | Orc:1    | Paralysed by an orc sorcerer for 4 turns
 22293 | Orc:1    | Noticed an orc warlord
 23596 | D:11     | Found a basalt altar of Yredelemnul.
 23650 | D:11     | Found a staircase to the Lair.
 23695 | D:11     | Found a staircase to the Orcish Mines.
 24238 | D:12     | Reached skill level 13 in Fighting
 24238 | D:12     | Reached XP level 14. HP: 115/129 MP: 29/29
 24247 | D:12     | Learned a level 7 spell: Ozocubu's Refrigeration
 24492 | D:12     | Found a frozen archway.
 24547 | IceCv    | Entered an ice cave
 24753 | IceCv    | Slain by a white ugly thing

Illustrated notes

Levels and vault maps discovered:
D:1:      psy_arrival_dodecagon, layout_basic,
          shapermc_ecumenical_altar_mp_ritualfount,
          hangedman_abyss_or_decor_lesser_grid
D:2:      layout_basic
D:3:      layout_loops_cross
D:4:      minmay_polygon_palace, layout_loops_corners
D:5:      layout_rooms, gup_sewer_entry_glass, uniq_crazy_yiuf_cottage
D:6:      layout_basic, minmay_temple_entry_nine_rooms
D:7:      layout_basic, nicolae_kikubaaqudgha_miasma_corner,
          minmay_misc_feat_doors, small_statue_intersection, uniq_pikel
D:8:      layout_basic, serial_shops, kennysheep_little_box,
          palyth_stone_intersect, uniq_grum
D:9:      layout_roguey, mainiacjoe_overflow_brackets,
          mainiacjoe_overflow_cross_hatched, serial_shops, nicolae_shop_crystal,
          st_stairs_4, minmay_liquid_box
D:10:     layout_stronghold, lightli_temple_of_fire
D:11:     layout_loops_ring, lair_entry_dummy, orc_0_dummy, serial_shops,
          nicolae_stop_n_shop_1, nicolae_yredelemnul_corpse_copse
D:12:     layout_rooms, portal_ice_cave_demonic_guard, dk_noncrumbling_2
Temple:   dpeg_five_rooms_temple
Lair:1:   gammafunk_cloud_chamber, layout_regular_city,
          infiniplex_staircase_pool, serial_bayou_shore_a, lemuel_fruit_tree,
          uniq_harold, uniq_gastronok
Lair:2:   layout_hall_layers, grunt_megastairs_3
Lair:3:   layout_small_grid, elwin_shoals_entry_rocks,
          nicolae_volcano_entry_vermiform, serial_bayou, serial_bayou_shore_b,
          serial_bayou_shore_b, serial_bayou_ford_a, serial_bayou_pond_c,
          chequers_serial_rivers_small_a
Lair:4:   layout_roguey, spider_nest_entry_web_field
Lair:5:   layout_hall_layers, nicolae_slime_entry_slimehenge
Orc:1:    layout_caves, basic_altar, elf_legates
IceCv:    ice_cave_caverns_03

Skill      XL: |  1  2  3  4  5  6  7  8  9 10 11 12 13 14 |
---------------+-------------------------------------------+-----
Dodging        | 2 3 4 7 8 |  8.0
Fighting       | 1 2 4 6 10 12 13 | 13.8
Spellcasting   | 3 4 5 7 9 10 11 12 | 12.0
Conjurations   | 5 9 10 | 10.0
Hexes          | 1 3 5 |  5.0
Shields        | 4 7 10 | 10.0
Short Blades   | 1 5 6 |  6.0
Stealth        | |  1.7

Action                   |  1- 3 |  4- 6 |  7- 9 | 10-12 | 13-15 || total
-------------------------+-------+-------+-------+-------+-------++-------
Melee: Short sword       |    26 |    24 |    38 |       |       ||    88
       Unarmed           |     2 |       |       |       |       ||     2
       Tailslap          |     1 |     1 |     6 |    67 |    21 ||    96
       Rapier            |       |       |    24 |   250 |   108 ||   382
       Punch             |       |       |     1 |       |       ||     1
 Cast: Magic Dart        |    73 |    35 |    96 |    91 |    39 ||   334
       Searing Ray       |     5 |    22 |    43 |   133 |    89 ||   292
       Fulminant Prism   |       |       |       |    40 |    38 ||    78
       Dazzling Flash    |       |       |       |       |    20 ||    20
       Hailstorm         |       |       |       |       |     1 ||     1
 Abil: Breathe Steam     |       |       |    28 |    64 |    44 ||   136
Evoke: Wand              |       |       |       |     5 |       ||     5
  Use: Scroll            |       |     6 |     3 |    11 |     5 ||    25
       Potion            |       |       |       |    13 |     5 ||    18
 Stab: Sleeping          |       |     1 |       |       |       ||     1
       Invisible         |       |       |       |       |     2 ||     2
Armor: Skin              |    14 |    20 |    50 |   193 |    85 ||   362
Dodge: Dodged            |     8 |    23 |    85 |   341 |   229 ||   686
Block: Buckler           |       |       |    18 |   105 |    78 ||   201
